 Dungeon Crawl Stone Soup version 0.31.0-10-gcf4a605ca0 (webtiles) character file.

Game seed: 4551991260098046306

137 Crownlay the Trooper (level 5, -6/42 HPs)
             Began as a Djinni Monk on Jan 25, 2024.
             Mangled by an iguana (8 damage)
             ... on level 4 of the Dungeon.
             The game lasted 00:03:41 (2476 turns).

Crownlay the Trooper (Djinni Monk)                  Turns: 2476, Time: 00:03:43

Health: -6/42      AC:  2    Str: 10    XL:     5   Next: 44%
Gold:   162        EV: 13    Int: 13    God:
                   SH:  0    Dex: 16

rFire   + + +        k - +2 whip (flame)
rCold   x x .        (no shield)
rNeg    . . .        b - +0 robe
rPois   ∞            (no helmet)
rElec   .            (no cloak)
rCorr   .            (no gloves)
SInv    +            (boots unavailable)
Will    .....        (no amulet)
Stlth   +            f - ring of see invisible
HPRegen 0.27/turn    h - ring of fire
MPRegen 0.00/turn

%: infuse magic (-7 HP)
@: flying
A: sickness immunity, fire resistance 2, cold vulnerability 1, float, innate
caster, HP casting, extra vitality 1
a: no special abilities


You were on level 4 of the Dungeon.
You visited 1 branch of the dungeon, and saw 4 of its levels.

You collected 162 gold pieces.

Inventory:

Hand Weapons
 a - a +0 short sword
 j - a +1 heavy sling
 k - a +2 whip of flaming (weapon)
Armour
 b - a +0 robe (worn)
Jewellery
 f - a ring of see invisible (left hand)
 h - a ring of fire (right hand)
 n - a +6 ring of dexterity
 w - a +6 ring of strength
Wands
 s - a wand of light (12)
Scrolls
 d - 3 scrolls of blinking {unknown}
 g - a scroll of acquirement {unknown}
 i - a scroll of poison {unknown}
 o - a scroll of noise {unknown}
 p - 3 scrolls of teleportation {unknown}
 q - 2 scrolls of identify {unknown}
 r - a scroll of vulnerability {unknown}
 u - a scroll of brand weapon {unknown}
Potions
 c - 2 potions of ambrosia
 e - 2 potions of heal wounds {unknown}
 l - a potion of lignification {unknown}
 m - a potion of brilliance {unknown}
 t - a potion of attraction {unknown}
 v - a potion of enlightenment {unknown}


   Skills:
 * Level 4.9 Fighting
 - Level 2.6 Short Blades
 - Level 3.2 Dodging
 + Level 1.8 Spellcasting
 + Level 1.8 Conjurations
 + Level 1.8 Hexes
   Level 0.0 Charms
 + Level 1.8 Summonings
 + Level 1.8 Necromancy
 + Level 1.8 Translocations
   Level 0.0 Transmutations
 + Level 1.8 Fire Magic
 + Level 1.8 Ice Magic
 + Level 1.8 Air Magic
 + Level 1.8 Earth Magic
 + Level 1.8 Alchemy


You knew the following spells:

 Your Spells              Type           Power      Damage    Failure   Level
a - Necrotise             Necr           24%        1d5       12%         1
b - Lesser Beckoning      Tloc           12%        N/A       19%         2
Your spell library was empty.

Dungeon Overview and Level Annotations

Branches:
Dungeon (4/15)
 Temple: D:4-7

Altars:

Shops:
D:3 (


Innate Abilities, Weirdness & Mutations

You are immune to sickness and miasma.
You are immune to poison.
Your flesh is very heat resistant. (rF++)
You are vulnerable to cold. (rC-)
You float through the air rather than walking.
You learn spells naturally, not from books.
Your magical power is your life essence.
You have superior vitality. (+4 MHP)


Message History

You kill the orc priest!
An iguana comes into view.
You shoot a sling bullet.
The sling bullet closely misses the orc wizard.
You shoot a sling bullet.
The sling bullet barely misses the orc wizard.
The sling bullet hits the iguana but does no damage.
The orc wizard gestures wildly while chanting.
The orc wizard flickers and vanishes for a moment.
You shoot a sling bullet.
The sling bullet hits the orc wizard but does no damage.
The orc wizard misses you. The iguana closely misses you.
The orc wizard points at you and mumbles some strange words.
The puff of flame misses you. The iguana barely misses you.
The orc wizard gestures at you while chanting.
You resist with some effort.
Your +2 whip of flaming bursts into flame!
k - a +2 whip of flaming (weapon)
You hit the iguana but do no damage. The iguana barely misses you.
The orc wizard closely misses you.
You hit the iguana but do no damage. The iguana bites you.
The orc wizard casts a spell at you. The magic dart hits you!
You hit the iguana but do no damage. The iguana misses you.
The orc wizard hits you with a +2 dagger of venom.
You closely miss the iguana. The iguana barely misses you.
The orc wizard hits you with a +2 dagger of venom.
* * * LOW HITPOINT WARNING * * *
You hit the iguana. You burn the iguana.
The iguana is lightly wounded.
The iguana bites you.
* * * LOW HITPOINT WARNING * * *
The orc wizard casts a spell at you.
The puff of flame hits you but does no damage.
You resist. The orc wizard barely misses you. The iguana bites you.
* * * LOW HITPOINT WARNING * * *
You hit the iguana but do no damage.
The iguana is lightly wounded.
The iguana bites you!
You die...

.................# .
................# ..
...>...........#
..................###
.......$)............
....................
...)..#.............
...)..o@...).....#
###.##l..........#
................#
................#
.................#
...............<.#
.............<...#
$................#
................#


You could see an iguana and an orc wizard (invisible).

Vanquished Creatures
  An orc priest (D:4)
  An iguana (D:3)
  2 adders
  2 ribbon worms (D:2)
  5 orcs
  5 endoplasms
  2 giant cockroaches (D:1)
  6 hobgoblins
  2 jackals (D:2)
  2 quokkas
  4 ball pythons
  7 bats
  2 frilled lizards (D:1)
  6 goblins
  5 kobolds
  4 rats
56 creatures vanquished.

Notes
Turn   | Place    | Note
-------+----------+-------------------------------------------
     0 | D:1      | Crownlay the Djinni Monk began the quest for the Orb.
     0 | D:1      | Reached XP level 1. HP: 20/20 MP: 0/0
   337 | D:1      | Reached XP level 2. HP: 24/25 MP: 0/0
  1194 | D:2      | Reached XP level 3. HP: 30/30 MP: 0/0
  1194 | D:2      | Learned a level 1 spell: Necrotise
  1225 | D:2      | Reached skill level 1 in Spellcasting
  1225 | D:2      | Reached skill level 1 in Conjurations
  1225 | D:2      | Reached skill level 1 in Hexes
  1225 | D:2      | Reached skill level 1 in Summonings
  1225 | D:2      | Reached skill level 1 in Necromancy
  1225 | D:2      | Reached skill level 1 in Translocations
  1225 | D:2      | Reached skill level 1 in Fire Magic
  1225 | D:2      | Reached skill level 1 in Ice Magic
  1225 | D:2      | Reached skill level 1 in Air Magic
  1225 | D:2      | Reached skill level 1 in Earth Magic
  1225 | D:2      | Reached skill level 1 in Alchemy
  1328 | D:2      | Found a faded altar of an unknown god.
  1383 | D:2      | Reached skill level 4 in Fighting
  1540 | D:2      | Reached XP level 4. HP: 37/37 MP: 0/0
  2209 | D:3      | Found Agonn's Antique Weapon Shoppe.
  2341 | D:3      | Reached XP level 5. HP: 16/42 MP: 0/0
  2341 | D:3      | Learned a level 2 spell: Lesser Beckoning
  2475 | D:4      | HP: 2/42 [iguana (6)]
  2476 | D:4      | Mangled by an iguana

Illustrated notes

Levels and vault maps discovered:
D:1:      matt_arrival_diagonals, layout_loops_corners, serial_aquarium,
          aquarium_bridge_straight [aquarium_subvault_bridge,
          aquarium_subvault_window, aquarium_subvault_bridge,
          aquarium_subvault_window], aquarium_bridge_straight
          [aquarium_subvault_bridge, aquarium_subvault_window,
          aquarium_subvault_bridge, aquarium_subvault_wall],
          aquarium_window_corridor_3, aquarium_window_1, aquarium_window_2,
          aquarium_view_2d, aquarium_balcony_5a
D:2:      layout_rooms, shapermc_ecumenical_altar_flowoftime
D:3:      layout_rooms, serial_shops, shop
D:4:      layout_rooms, minmay_misc_feat_roman, patterned_corridor

Skill      XL: |  1  2  3 |
---------------+----------+-----
Spellcasting   | 1 |  1.8
Conjurations   | 1 |  1.8
Hexes          | 1 |  1.8
Summonings     | 1 |  1.8
Necromancy     | 1 |  1.8
Translocations | 1 |  1.8
Fire Magic     | 1 |  1.8
Ice Magic      | 1 |  1.8
Air Magic      | 1 |  1.8
Earth Magic    | 1 |  1.8
Alchemy        | 1 |  1.8
Fighting       | 4 |  4.9
Short Blades   | |  2.6
Dodging        | |  3.2

Action                     |  1- 3 |  4- 6 || total
---------------------------+-------+-------++-------
  Melee: Short sword       |    83 |       ||    83
         Whip              |       |    17 ||    17
   Fire: Sling             |    43 |    80 ||   123
 Armour: Robe              |    54 |    60 ||   114
  Dodge: Dodged            |    78 |    82 ||   160
